 Dungeon Crawl Stone Soup version 0.18.1-5-g4a78601 (webtiles) character file.

71 TheHangedMan the Conjurer (level 4, -2/27 HPs)
             Began as a High Elf Wizard on May 11, 2016.
             Slain by a hobgoblin (5 damage)
             ... on level 2 of the Dungeon.
             The game lasted 00:02:57 (1660 turns).

TheHangedMan the Conjurer (High Elf Wizard)         Turns: 1660, Time: 00:02:58

Health: -2/27      AC:  2    Str:  6    XL:     4   Next: 5%
Magic:  3/10       EV: 12    Int: 23    God:
Gold:   77         SH:  0    Dex:  8    Spells: 4 memorised, 1 level left

rFire  . . .     SeeInvis .     h - +0 spear
rCold  . . .     Gourm    .     a - +0 robe
rNeg   . . .     Faith    .     (no shield)
rPois  .         Spirit   .     b - +0 hat
rElec  .         Dismiss  .     (no cloak)
rCorr  .         Reflect  .     (no gloves)
SustAt .         Harm     .     (no boots)
MR     .....                    (no amulet)
Stlth  ++........               (no ring)
                                i - -5 ring of dexterity (curse)

@: not resistant to hostile enchantments, unstealthy
A: no striking features
a: no special abilities


You were on level 2 of the Dungeon.
You were not hungry.

You visited 1 branch of the dungeon, and saw 2 of its levels.

You collected 77 gold pieces.

Inventory:

Hand Weapons
 h - a +0 spear (weapon)
Armour
 a - a +0 robe (worn)
 b - a +0 hat (worn)
Jewellery
 i - a cursed -5 ring of dexterity (left hand)
Scrolls
 e - 2 scrolls of blinking {unknown}
 f - 2 scrolls of noise {unknown}
 g - a scroll of immolation {unknown}
 k - a scroll of identify {unknown}
 o - a scroll of fog {unknown}
 p - 2 scrolls of random uselessness {unknown}
 s - a scroll of teleportation {unknown}
Potions
 j - a potion of agility {unknown}
 l - a potion of lignification {unknown}
 n - a potion of might {unknown}
 r - a potion of cancellation {unknown}
Books
 c - a book of Minor Magic

   Spells                             Type                      Level
   a - Magic Dart                     Conjuration                  1
   b - Blink                          Translocation                2
   c - Call Imp                       Summoning                    2
   d - Repel Missiles                 Charms/Air                   2
   e - Slow                           Hexes                        2
   f - Conjure Flame                  Conjuration/Fire             3
   g - Mephitic Cloud                 Conjuration/Poison/Air       3
Comestibles
 d - 2 bread rations
 m - a meat ration
 q - a chunk of flesh


   Skills:
 - Level 2.1 Dodging
 - Level 2.1 Stealth
 - Level 3.6 Spellcasting
 + Level 4.3 Conjurations
   Level 0.8 Summonings
 - Level 1.1 Translocations


You had one spell level left.
You knew the following spells:

 Your Spells              Type           Power        Failure   Level  Hunger
a - Magic Dart            Conj           ###.         1%          1    None
b - Blink                 Tloc           N/A          12%         2    #......
c - Conjure Flame         Conj/Fire      ##......     14%         3    ###....
d - Mephitic Cloud        Conj/Pois/Air  ##......     21%         3    ###....


Dungeon Overview and Level Annotations

Branches:
Dungeon (2/15)

Altars:
Gozag

Annotations:
D:2 Natasha


Message History

Casting: Magic Dart
Confirm with . or Enter, or press ? or * to list all spells.
Aiming: Magic Dart
Press: ? - help, Shift-Dir - straight line, f/p - Natasha
Aim: Natasha (almost dead)
The magic dart hits Natasha.
Natasha is almost dead.
The hobgoblin hits you. Natasha casts a spell at you. The magic dart hits you!
* * * LOW HITPOINT WARNING * * *
Casting: Magic Dart
Confirm with . or Enter, or press ? or * to list all spells.
Aiming: Magic Dart
Press: ? - help, Shift-Dir - straight line, f/p - Natasha
Aim: Natasha (almost dead)
The magic dart hits Natasha.
Natasha is almost dead.
The hobgoblin hits you.
You die...

##### #h@.#
.w....g#.#
########.##
#..# ##.#
#.# #.# #.#
#.#


You could see Natasha, a dart slug and a hobgoblin.

Vanquished Creatures
  Natasha (D:2)
  A worm (D:2)
  3 dart slugs
  5 giant geckos
  A giant cockroach (D:2)
  6 goblins
  4 hobgoblins (D:1)
  4 kobolds
  7 bats
  A rat (D:2)
33 creatures vanquished.

Vanquished Creatures (others)
  5 toadstools (D:1)
5 creatures vanquished.

Grand Total: 38 creatures vanquished

Notes
Turn   | Place    | Note
--------------------------------------------------------------
     0 | D:1      | TheHangedMan the High Elf Wizard began the quest for the Orb.
     0 | D:1      | Reached XP level 1. HP: 11/11 MP: 6/6
   193 | D:1      | Reached skill level 2 in Conjurations
   205 | D:1      | Reached XP level 2. HP: 15/17 MP: 0/7
   719 | D:1      | Reached skill level 3 in Conjurations
  1123 | D:2      | Found an opulent altar of Gozag.
  1132 | D:2      | Reached XP level 3. HP: 11/21 MP: 0/9
  1136 | D:2      | Learned a level 2 spell: Blink
  1140 | D:2      | Learned a level 3 spell: Conjure Flame
  1144 | D:2      | Learned a level 3 spell: Mephitic Cloud
  1324 | D:2      | Noticed Natasha
  1327 | D:2      | Killed Natasha
  1327 | D:2      | Reached skill level 4 in Conjurations
  1535 | D:2      | Reached XP level 4. HP: 27/27 MP: 7/10
  1653 | D:2      | Noticed Natasha
  1660 | D:2      | Slain by a hobgoblin

Skill      XL: |  1  2  3 |
---------------+----------+-----
Conjurations   | 2 3 4 |  4.3
Dodging        | |  2.1
Stealth        | |  2.1
Spellcasting   | |  3.6
Summonings     | |  0.8
Translocations | |  1.1

Action                   |  1- 3 |  4- 6 || total
-------------------------+-------+-------++-------
Melee: Spear             |     8 |       ||     8
 Cast: Magic Dart        |    69 |    13 ||    82
  Eat: Chunk             |     2 |       ||     2
Armor: Robe              |     3 |       ||     3
Dodge: Dodged            |    12 |       ||    12
